 Dungeon Crawl Stone Soup version 0.31-a0-609-g7bf6ffcfed (webtiles) character file.

Game seed: 3169149862740038119

1077 Supercliff the Thaumaturge (level 8, -1/44 HPs)
             Began as a Deep Elf Conjurer on Oct 13, 2021.
             Slain by an unseen horror (6 damage)
             ... on level 5 of the Dungeon on Aug 21, 2023.
             The game lasted 00:23:07 (5268 turns).

Supercliff the Thaumaturge (Deep Elf Conjurer)      Turns: 5268, Time: 00:23:08

Health: -1/44      AC:  3    Str:  1 (4)  XL:     8   Next: 8%
Magic:  20/20      EV: 12    Int: 25 (26) God:
Gold:   214        SH:  0    Dex: 10 (13) Spells: 16/23 levels left

rFire   . . .        c - +4 quarterstaff (chaos)
rCold   . . .        (shield currently unavailable)
rNeg    . . .        a - +0 robe
rPois   .            (no helmet)
rElec   .            f - +0 cloak
rCorr   .            (no gloves)
SInv    .            (no boots)
Will    .....        (no amulet)
Stlth   +            (no ring)
HPRegen 0.27/turn    (no ring)
MPRegen 0.17/turn

%: no passive effects
@: confused, ambrosia-drunk
A: low MP 1, mutation resistance 1, teleportitis 1
a: no special abilities


You were on level 5 of the Dungeon.
You visited 1 branch of the dungeon, and saw 5 of its levels.

You collected 214 gold pieces.

Inventory:

Hand Weapons
 c - a +4 quarterstaff of chaos (weapon)
 e - a +0 short sword
 g - a +2 whip of electrocution
Missiles
 h - 4 boomerangs
Armour
 a - a +0 robe (worn)
 f - a +0 cloak (worn)
 j - a +2 kite shield of reflection
 p - a +0 pair of gloves
Wands
 k - a wand of polymorph (10)
Scrolls
 b - 5 scrolls of identify
 d - a scroll of teleportation
 l - a scroll of brand weapon {unknown}
Potions
 i - 2 potions of curing


   Skills:
 - Level 2.0 Fighting
 - Level 2.4 Dodging
 - Level 2.4 Stealth
 * Level 8.4 Spellcasting
 * Level 7.9 Conjurations
 + Level 3.6 Hexes


You had 16 spell levels left.
You knew the following spells:

 Your Spells              Type           Power      Damage    Failure   Level
a - Magic Dart            Conj           100%       1d8       1%          1
b - Searing Ray           Conj           100%       2d8       1%          2
c - Fulminant Prism       Conj/Hex       19%        3d10      5%          4

Your spell library contained the following spells:

 Spells                   Type           Power      Damage    Failure   Level
 Dazzling Flash           Conj/Hex       78%        N/A       1%          3
 Scorch                   Fire           20%        2d5       9%          2
 Flame Wave               Conj/Fire      30%        2d9       11%         4
 Iskenderun's Mystic Bla  Conj/Tloc      30%        2d8       11%         4
 Summon Cactus Giant      Summ           5%         N/A       100%        6


Dungeon Overview and Level Annotations

Branches:
Dungeon (5/15)
 Temple: D:4-7

Altars:


Innate Abilities, Weirdness & Mutations

Your magical capacity is low. (-10% MP)
You are somewhat resistant to further mutation.
You are occasionally teleported next to monsters.


Message History

Unknown command.
Casting: Searing Ray (safe; 1% risk of failure)
Confirm with . or Enter, or press ? or * to list all spells.
Restarting spell: Searing Ray (safe; 1% risk of failure)
Press: ? - help, Shift-Dir - straight line, f/p - iguana
Aim: an iguana (severely wounded, 85% to hit)
The searing ray hits the iguana.
You kill the iguana! (Press . to maintain the ray.) Magic restored.
Deactivating autopickup; reactivate with Ctrl-A.
You miss something. Something hits you but does no damage.
Something barely misses you. Something hits you!
There is a strange disturbance nearby!
You hit something. You freeze something. Something hits you.
Something hits you but does no damage. x2
You hit something.
Nothing appears to happen.
Something hits you but does no damage. Something hits you!
Casting: Searing Ray (safe; 1% risk of failure)
Confirm with . or Enter, or press ? or * to list all spells.
You can't see any susceptible monsters within range! (Use Z to cast anyway.)
Casting: Searing Ray (safe; 1% risk of failure)
Confirm with . or Enter, or press ? or * to list all spells.
You don't know that spell.
Casting: Searing Ray (safe; 1% risk of failure)
Confirm with . or Enter, or press ? or * to list all spells.
You don't know that spell.
Unknown command.
It was a potion of degeneration.
There was something very wrong with that liquid.
You feel weakened.
You feel dopey.
You feel clumsy. Something hits you. Something hits you. Something hits you!
Something hits you.
* * * LOW HITPOINT WARNING * * *
Unknown command.
You are confused.
You feel invigorated. Something hits you!
* * * LOW HITPOINT WARNING * * *
Something hits you.
You die...

############
...........##
.......{@...#
#########...##
##...# #...#
#)..# ##..##
##### ##...#
##...#######...##
##.............##


There were no monsters in sight!

Vanquished Creatures
  Grinder (D:4)
  2 black bears
  An ogre (D:5)
  A phantom (D:4)
  A scorpion (D:5)
  A centaur zombie (D:4)
  A hound (D:4)
  An orc priest (D:3)
  Crazy Yiuf (D:3)
  4 orc wizards (D:3)
  An iguana (D:5)
  8 gnolls
  7 adders
  A dart slug (D:1)
  17 orcs
  9 ball pythons
  9 endoplasms
  2 giant cockroaches
  6 goblins
  5 hobgoblins
  5 quokkas
  3 bats
  3 frilled lizards
  9 kobolds
  2 rats
101 creatures vanquished.

Notes
Turn   | Place    | Note
-------+----------+-------------------------------------------
     0 | D:1      | Supercliff the Deep Elf Conjurer began the quest for the
                  | Orb.
     0 | D:1      | Reached XP level 1. HP: 10/10 MP: 6/6
   175 | D:1      | Reached XP level 2. HP: 15/15 MP: 2/8
   229 | D:1      | Learned a level 2 spell: Searing Ray
   526 | D:1      | Reached skill level 4 in Spellcasting
   795 | D:1      | Reached skill level 5 in Conjurations
   795 | D:1      | Reached XP level 3. HP: 19/19 MP: 7/10
  1612 | D:2      | Reached XP level 4. HP: 24/24 MP: 7/12
  1657 | D:2      | Reached skill level 5 in Spellcasting
  1922 | D:3      | Reached XP level 5. HP: 28/28 MP: 6/14
  2040 | D:3      | Found a faded altar of an unknown god.
  2368 | D:3      | Reached skill level 6 in Spellcasting
  2653 | D:3      | Learned a level 4 spell: Fulminant Prism
  2731 | D:3      | Reached XP level 6. HP: 32/32 MP: 9/17
  3067 | D:3      | Found a runed translucent door.
  3069 | D:3      | Noticed Crazy Yiuf
  3391 | D:3      | Reached skill level 1 in Hexes
  3560 | D:3      | Killed Crazy Yiuf
  3878 | D:4      | Reached skill level 1 in Fighting
  3933 | D:4      | Noticed Grinder
  4053 | D:4      | Reached skill level 7 in Spellcasting
  4099 | D:4      | Killed Grinder
  4100 | D:4      | Reached XP level 7. HP: 27/38 MP: 6/20
  4774 | D:5      | Entered Level 5 of the Dungeon
  4784 | D:5      | Reached skill level 8 in Spellcasting
  4960 | D:5      | Reached XP level 8. HP: 20/44 MP: 12/22
  5183 | D:5      | Gained mutation: Your magical capacity is low. (-10% MP)
                  | [potion of mutation]
  5183 | D:5      | Gained mutation: You are occasionally teleported next to
                  | monsters. [potion of mutation]
  5183 | D:5      | Gained mutation: You are somewhat resistant to further
                  | mutation. [potion of mutation]
  5186 | D:5      | Upgraded the game from 0.28-a0-657-g71136c5590 to
                  | 0.31-a0-609-g7bf6ffcfed
  5268 | D:5      | Slain by an unseen horror

Illustrated notes

Levels and vault maps discovered:
D:1:      onia_arrival_mini_spirals, layout_rooms, grunt_decor_junction
D:2:      layout_loops_ring, minmay_unequal
D:3:      cheibrodos_pilgrimage, layout_rooms,
          ebering_ecumenical_altar_abandoned, uniq_crazy_yiuf_cottage
D:4:      layout_basic, minmay_hedge_maze, uniq_grinder
D:5:      due_chaos_kobolds, layout_layer_cave, serial_shops,
          kennysheep_little_box, uniq_eustachio

Skill      XL: |  1  2  3  4  5  6  7 |
---------------+----------------------+-----
Spellcasting   | 4 5 6 7 8 |  8.4
Conjurations   | 5 6 7 |  7.9
Hexes          | 2 3 |  3.6
Fighting       | 1 2 |  2.0
Dodging        | |  2.4
Stealth        | |  2.4

Action                     |  1- 3 |  4- 6 |  7- 9 || total
---------------------------+-------+-------+-------++-------
  Melee: Short sword       |     7 |       |       ||     7
         Whip              |     6 |    11 |       ||    17
         Quarterstaff      |       |       |     5 ||     5
   Cast: Magic Dart        |    74 |   100 |    10 ||   184
         Searing Ray       |     1 |    15 |     7 ||    23
    Use: Potion            |       |     8 |     3 ||    11
         Scroll            |       |     5 |     1 ||     6
 Armour: Robe              |       |     4 |     6 ||    10
  Dodge: Dodged            |    17 |    21 |     7 ||    45

Table legend: (Time is in decaauts)
 A = Elapsed time spent in this place.
 B = Non-inter-level travel time spent in this place.
 C = Inter-level travel time spent in this place.
 D = Time resting spent in this place.
 E = Time spent auto-exploring this place.
 F = Levels seen in this place.
 G = Mean time per level.
                   A        B        C        D        E       F      G
               +--------+--------+--------+--------+--------+-----+--------+
         Total |   5240 |   5050 |    190 |   1785 |   2617 |   5 | 1048.0 |
       Dungeon |   5240 |   5050 |    190 |   1785 |   2617 |   5 | 1048.0 |
               +--------+--------+--------+--------+--------+-----+--------+

Top non-repeatable levels by time:
     D:3: 1486 daAuts
     D:2: 1240 daAuts
     D:4: 1120 daAuts
     D:1: 898 daAuts
     D:5: 494 daAuts
